 Dungeon Crawl Stone Soup version 0.32-a0-163-g159c032296 (webtiles) character file.

Game seed: 6312263143914415148

39 fernweh the Blocker (level 3, 0/25 HPs)
             Began as a Gnoll Wanderer on Jan 8, 2024.
             Slain by a goblin
             ... wielding a +0 dagger
              (3 damage)
             ... on level 2 of the Dungeon on Feb 12, 2024.
             The game lasted 00:04:40 (1036 turns).

fernweh the Blocker (Gnoll Wanderer)                Turns: 1036, Time: 00:04:40

Health: 0/25       AC:  3    Str: 14    XL:     3   Next: 47%
Magic:  4/4        EV: 11    Int:  9    God:
Gold:   13         SH:  6    Dex: 12    Spells: 3/3 levels left

rFire   . . .        a - +0 rapier
rCold   . . .        c - +0 buckler
rNeg    . . .        e - +0 leather armour
rPois   .            (no helmet)
rElec   .            (no cloak)
rCorr   .            (no gloves)
SInv    .            (no boots)
Will    .....        (no amulet)
Stlth   +            (no ring)
HPRegen 0.24/turn    (no ring)
MPRegen 0.09/turn

%: no passive effects
@: no status effects
A: fangs 1, strong nose, distributed training
a: no special abilities


You were on level 2 of the Dungeon.
You visited 1 branch of the dungeon, and saw 2 of its levels.

You collected 13 gold pieces.

Inventory:

Hand Weapons
 a - a +0 rapier (weapon)
 b - a +0 hand axe
Missiles
 j - a poisoned dart
Armour
 c - a +0 buckler (worn)
 e - a +0 leather armour (worn)
Jewellery
 g - a ring of fire
Scrolls
 d - a scroll of fear
 i - a scroll of poison {unknown}
 k - a scroll of revelation {unknown}
Potions
 f - a potion of enlightenment {unknown}
 h - 2 potions of haste {unknown}


   Skills:
 + Level 0.9 Fighting
 + Level 8.5 Short Blades
 + Level 0.9 Long Blades
 + Level 2.6 Axes
 + Level 0.9 Maces & Flails
 + Level 0.9 Polearms
 + Level 0.9 Staves
 + Level 0.9 Ranged Weapons
 + Level 0.9 Throwing
 + Level 0.9 Armour
 + Level 2.6 Dodging
 + Level 0.9 Stealth
 + Level 8.5 Shields
 + Level 0.9 Unarmed Combat
 + Level 0.9 Spellcasting
 + Level 0.6 Conjurations
 + Level 0.6 Hexes
 + Level 0.6 Summonings
 + Level 0.6 Necromancy
 + Level 0.6 Translocations
 + Level 0.6 Fire Magic
 + Level 0.6 Ice Magic
 + Level 0.6 Air Magic
 + Level 0.6 Earth Magic
 + Level 0.6 Alchemy
 + Level 1.0 Invocations
 + Level 0.9 Evocations
 + Level 0.7 Shapeshifting


You had 3 spell levels left.
You didn't know any spells.
Your spell library contained the following spells:

 Spells                   Type           Power      Damage    Failure   Level
 Slow                     Hex            4%         N/A       41%         1
 Ensorcelled Hibernation  Hex/Ice        2%         N/A       56%         2
 Confusing Touch          Hex            1%         N/A       80%         3
 Dazzling Flash           Conj/Hex       2%         N/A       80%         3
 Passwall                 Erth           1%         N/A       80%         3
 Sigil of Binding         Hex            1%         N/A       80%         3
 Swiftness                Air            1%         N/A       80%         3
 Vampiric Draining        Necr           1%         2d6       80%         3
 Volatile Blastmotes      Fire/Tloc      2%         2d10      80%         3
 Starburst                Conj/Fire      0%         6d3       100%        6
 Maxwell's Capacitive Co  Air            0%         ∞         100%        8


Dungeon Overview and Level Annotations

Branches:
Dungeon (2/15)

Altars:


Innate Abilities, Weirdness & Mutations

You have very sharp teeth.
Your uncanny sense of smell can sniff out nearby items.
Your experience applies equally to all skills.


Message History

A goblin comes into view. It is wielding a +0 dagger.
The bat closely misses you.
You see here a jackal corpse.
The goblin shouts!
The bat barely misses you.
There are monsters nearby!
You closely miss the bat. You bite the bat.
The bat is moderately wounded.
The bat closely misses you. You block the bat's attack.
You barely miss the bat.
The bat is moderately wounded.
You block the bat's attack. The bat closely misses you.
The bat attacks as it pursues you! The bat barely misses you. x2
You don't know any spells.
Unknown command.
Unknown command.
Unknown command.
Throw: 3 darts (poison)
Press: ? - help, Shift-Dir - straight line, f - bat
Aim: a bat (moderately wounded, 34% to hit)
You throw a poisoned dart.
The poisoned dart closely misses the bat.
The bat barely misses you.
Throw: 2 darts (poison)
Press: ? - help, Shift-Dir - straight line, f/p - bat
Aim: a bat (moderately wounded, 34% to hit)
You throw a poisoned dart.
The poisoned dart closely misses the bat.
The bat hits you.
* * * LOW HITPOINT WARNING * * *
You closely miss the goblin. You block the bat's attack.
You block the goblin's attack.
A ball python comes into view.
You closely miss the goblin. You hit the bat.
You kill the bat!
The goblin hits you with a +0 dagger.
You die...

#.......#. #....(...
#..S...###
.####........#
.............#
#####.†....# #.†.$..#
.####.†g...#
?......@####
♣♣.....$# ♣.###..# .
♣. #..# . ♣
#..#####+###.#
#..........#.#+#
♣..###...............
.......<......(......
.....................


You could see a goblin and a ball python.

Vanquished Creatures
  A dart slug (D:1)
  9 bats
  4 endoplasms
  4 goblins (D:1)
  2 hobgoblins
  7 jackals
  3 kobolds (D:1)
  A ball python (D:1)
  2 rats (D:1)
33 creatures vanquished.

Notes
Turn   | Place    | Note
-------+----------+-------------------------------------------
     0 | D:1      | fernweh the Gnoll Wanderer began the quest for the Orb.
     0 | D:1      | fernweh set off with the following items: a +0 rapier, a +0
                  | hand axe, a +0 buckler, a scroll of fear, a +0 leather
                  | armour.
     0 | D:1      | Reached XP level 1. HP: 13/13 MP: 1/1
   200 | D:1      | Reached XP level 2. HP: 19/19 MP: 2/2
   704 | D:1      | Reached XP level 3. HP: 24/25 MP: 3/3
   978 | D:2      | Upgraded the game from 0.31-a0-1603-gbec6b6ccbf to
                  | 0.32-a0-163-g159c032296
  1002 | D:2      | Reached skill level 1 in Invocations
  1020 | D:2      | HP: 1/25 [hobgoblin (3)]
  1036 | D:2      | Slain by a goblin

Illustrated notes

Levels and vault maps discovered:
D:1:      lightli_arrival_noodles, layout_basic
D:2:      layout_basic, serial_shops, shop, corexii_corridor_pit,
          nrook_campfire, minivault_14, minmay_domino_4

Skill      XL: |  1  2  3 |
---------------+----------+-----
Invocations    | 1 |  1.0
Fighting       | |  0.9
Short Blades   | |  8.5
Long Blades    | |  0.9
Axes           | |  2.6
Maces & Flails | |  0.9
Polearms       | |  0.9
Staves         | |  0.9
Ranged Weapons | |  0.9
Throwing       | |  0.9
Armour         | |  0.9
Dodging        | |  2.6
Stealth        | |  0.9
Shields        | |  8.5
Unarmed Combat | |  0.9
Spellcasting   | |  0.9
Conjurations   | |  0.6
Hexes          | |  0.6
Summonings     | |  0.6
Necromancy     | |  0.6
Translocations | |  0.6
Fire Magic     | |  0.6
Ice Magic      | |  0.6
Air Magic      | |  0.6
Earth Magic    | |  0.6
Alchemy        | |  0.6
Evocations     | |  0.9
Shapeshifting  | |  0.7

Action                     || total
---------------------------++-------
  Melee: Rapier            ||    96
         Bite              ||     9
  Throw: Dart              ||     2
 Armour: Leather armour    ||    68
  Dodge: Dodged            ||    84
  Block: Buckler           ||    36

Table legend: (Time is in decaauts)
 A = Elapsed time spent in this place.
 B = Non-inter-level travel time spent in this place.
 C = Inter-level travel time spent in this place.
 D = Time resting spent in this place.
 E = Time spent auto-exploring this place.
 F = Levels seen in this place.
 G = Mean time per level.
                   A        B        C        D        E       F      G
               +--------+--------+--------+--------+--------+-----+--------+
         Total |   1018 |   1018 |      0 |      0 |    751 |   2 |  509.0 |
       Dungeon |   1018 |   1018 |      0 |      0 |    751 |   2 |  509.0 |
               +--------+--------+--------+--------+--------+-----+--------+

Top non-repeatable levels by time:
     D:1: 964 daAuts
     D:2: 53 daAuts
